 Dungeon Crawl Stone Soup version 0.31-a0-1549-g5ff9445e89 (webtiles) character file.

Game seed: 4261238882640800725

23 innerfire43 the Charlatan (level 2, -5/21 HPs)
             Began as a Demonspawn Wanderer on Jan 2, 2024.
             Slain by a goblin
             ... wielding a +0 club
             ... led by Robin
              (6 damage)
             ... on level 2 of the Dungeon.
             The game lasted 00:02:53 (719 turns).

innerfire43 the Charlatan (Demonspawn Wanderer)      Turns: 719, Time: 00:02:53

Health: -5/21      AC:  5    Str: 13    XL:     2   Next: 72%
Magic:  1/5        EV: 11    Int:  9    God:
Gold:   43         SH:  0    Dex: 17    Spells: 4/5 levels left

rFire   . . .        f - +7 broad axe "Ytith" {flame, rElec Will- Int-5 Dex+8}
rCold   . . .        (no shield)
rNeg    . . .        c - +1 robe
rPois   .            g - +2 hat
rElec   +            (no cloak)
rCorr   .            (no gloves)
SInv    .            (no boots)
Will    .....        (no amulet)
Stlth   ++           (no ring)
HPRegen 0.23/turn    (no ring)
MPRegen 0.09/turn

%: no passive effects
@: enlightened, flying, very slightly contaminated
A: claws 1
a: no special abilities


You were on level 2 of the Dungeon.
You visited 1 branch of the dungeon, and saw 2 of its levels.

You collected 43 gold pieces.

Inventory:

Hand Weapons
 a - a +0 club
 f - the +7 broad axe "Ytith" (weapon) {flame, rElec Will- Int-5 Dex+8}
   (You acquired it on level 1 of the Dungeon)

   Int-5:     It affects your intelligence (-5).
   Dex+8:     It affects your dexterity (+8).
   rElec:     It insulates you from electricity.
   Will-:     It decreases your willpower.
 i - a +3 dagger
Armour
 c - a +1 robe (worn)
 g - a +2 hat (worn)
Scrolls
 e - 2 scrolls of enchant armour
 j - a scroll of amnesia
 k - a scroll of silence {unknown}
Potions
 b - a potion of haste


   Skills:
 + Level 1.0 Fighting
 - Level 0.5 Short Blades
 * Level 0.5 Axes
 - Level 0.2(0.4) Maces & Flails
 - Level 2.1 Spellcasting
 - Level 2.0 Summonings
 + Level 2.9 Air Magic
 - Level 3.1 Evocations


You had 4 spell levels left.
You knew the following spells:

 Your Spells              Type           Power      Damage    Failure   Level
a - Shock                 Conj/Air       12%        1d3       19%         1

Your spell library contained the following spells:

 Spells                   Type           Power      Damage    Failure   Level
 Summon Small Mammal      Summ           16%        N/A       14%         1
 Swiftness                Air            6%         N/A       30%         3
 Call Canine Familiar     Summ           4%         N/A       41%         3
 Vhi's Electric Charge    Tloc/Air       6%         N/A       88%         4


Dungeon Overview and Level Annotations

Branches:
Dungeon (2/15)

Altars:

Annotations:
D:2 Robin


Innate Abilities, Weirdness & Mutations

You have sharp fingernails.


Message History

You closely miss the goblin.
The kobold shouts!
You slash the hobgoblin! You burn the hobgoblin.
You kill the hobgoblin!
The goblin no longer looks unusually strong. x2
The goblin barely misses you. The goblin hits you but does no damage.
A hobgoblin comes into view.
The goblin hits you with a +0 club.
* * * LOW HITPOINT WARNING * * *
The hobgoblin shouts!
You slash the goblin! You burn the goblin.
You kill the goblin!
You hit the goblin. You burn the goblin.
You kill the goblin!
Your Fighting skill increases to level 1!
The goblin no longer looks unusually strong.
The hobgoblin attacks as it pursues you!
The hobgoblin hits you but does no damage.
Robin roars a battlecry!
An adder comes into view.
Your magical contamination has completely faded away.
You see here a +0 club.
Aiming: Shock (safe; 19% risk of failure)
Press: ? - help, Q - select action Shift-Dir - straight line, f - hobgoblin, p - hobgoblin
Aim: a hobgoblin (strong, 64% to hit)
You miscast Shock.
You are very lightly contaminated with residual magic.
Nothing appears to happen.
The adder hisses angrily.
The hobgoblin hits you but does no damage.
You don't have enough magic to cast this spell.
You closely miss the hobgoblin.
The hobgoblin is moderately wounded.
The hobgoblin no longer looks unusually strong.
Robin throws the goblin at you! The goblin hits you with a +0 club.
* * * LOW HITPOINT WARNING * * *
The hobgoblin hits you.
* * * LOW HITPOINT WARNING * * *
The goblin hits you with a +0 club.
You die... #... #..# ##..# .... #gg# SK#

########g#
#.#####......#g#
...........#.#@#
#.#####.##.#.#g#
#.##.....#
#.####.###
#<.......
#######.## .# .#
.#


You could see Robin, an adder, 2 hobgoblins, 2 goblins and a kobold.

Vanquished Creatures
  A giant cockroach (D:1)
  8 goblins
  4 hobgoblins
  A ball python (D:1)
  3 bats (D:1)
  2 kobolds (D:1)
  A rat (D:1)
20 creatures vanquished.

Notes
Turn   | Place    | Note
-------+----------+-------------------------------------------
     0 | D:1      | innerfire43 the Demonspawn Wanderer began the quest for the
                  | Orb.
     0 | D:1      | innerfire43 set off with the following items: a +0 club, a
                  | potion of haste, a +0 robe, a wand of flame (7); and the
                  | following spells available to memorise: Summon Small
                  | Mammal, Shock, Swiftness, Call Canine Familiar, Vhi's
                  | Electric Charge.
     0 | D:1      | Reached XP level 1. HP: 13/13 MP: 3/3
     2 | D:1      | Learned a level 1 spell: Shock
     5 | D:1      | Noticed an electric eel
     6 | D:1      | Noticed an electric eel
   210 | D:1      | Found a faded altar of an unknown god.
   290 | D:1      | Gained mutation: You have sharp fingernails. [demonic
                  | ancestry]
   290 | D:1      | Reached XP level 2. HP: 17/20 MP: 0/5
   684 | D:1      | Identified a scroll of acquirement
   686 | D:1      | Acquired the +7 broad axe "Ytith" {flame, rElec Will- Int-5
                  | Dex+8}
   703 | D:2      | Noticed Robin
   717 | D:2      | Reached skill level 1 in Fighting
   719 | D:2      | HP: 1/21 [hobgoblin[Robin] (1)]
   719 | D:2      | Slain by a goblin

Illustrated notes

Levels and vault maps discovered:
D:1:      arrival_aquarium_b, layout_rooms, shapermc_ecumenical_altar_notcrosses
D:2:      layout_loops_cross, minmay_statues_item, uniq_jessica, uniq_robin

Skill      XL: |  1  2 |
---------------+-------+-----
Fighting       | 1 |  1.0
Short Blades   | |  0.5
Axes           | |  0.5
Maces & Flails | |  0.2
Spellcasting   | |  2.1
Summonings     | |  2.0
Air Magic      | |  2.9
Evocations     | |  3.1

Action                     || total
---------------------------++-------
  Melee: Dagger            ||    13
         Club              ||     4
         Broad axe         ||     7
   Cast: Shock             ||    15
  Evoke: Wand              ||     7
    Use: Scroll            ||     4
         Potion            ||     1
 Armour: Robe              ||    32
  Dodge: Dodged            ||    14

Table legend: (Time is in decaauts)
 A = Elapsed time spent in this place.
 B = Non-inter-level travel time spent in this place.
 C = Inter-level travel time spent in this place.
 D = Time resting spent in this place.
 E = Time spent auto-exploring this place.
 F = Levels seen in this place.
 G = Mean time per level.
                   A        B        C        D        E       F      G
               +--------+--------+--------+--------+--------+-----+--------+
         Total |    722 |    710 |     12 |      0 |    597 |   2 |  361.0 |
       Dungeon |    722 |    710 |     12 |      0 |    597 |   2 |  361.0 |
               +--------+--------+--------+--------+--------+-----+--------+

Top non-repeatable levels by time:
     D:1: 690 daAuts
     D:2: 32 daAuts
